 Dungeon Crawl Stone Soup version 0.26.1-11-gd32895ea62 (webtiles) character file.

Game seed: 14508235394943227599

212 RatCamp the Skirmisher (level 5, 0/47 HPs)
             Began as a Draconian Berserker on May 26, 2021.
             Was a Follower of Trog.
             Slain by a gnoll
             ... wielding a +0 flail
              (1 damage)
             ... on level 2 of the Dungeon.
             The game lasted 00:02:26 (877 turns).

RatCamp the Skirmisher (Draconian Berserker)         Turns: 877, Time: 00:02:27

Health: 0/47       AC:  5    Str: 20    XL:     5   Next: 58%
Magic:  5/5        EV: 13    Int:  8    God:    Trog [*.....]
Gold:   13         SH:  0    Dex: 10    Spells: 4/4 levels left

rFire    + . .     SeeInvis .   f - +0 scythe
rCold    . . .     Faith    .   (shield currently unavailable)
rNeg     . . .     Spirit   .   (armour unavailable)
rPois    .         Reflect  .   (helmet restricted)
rElec    .         Harm     .   (no cloak)
rCorr    .         Rampage  .   (no gloves)
Will     .....                  (no boots)
Stlth    +.........             (no amulet)
HPRegen  0.15/turn              c - ring of protection from fire
MPRegen  0.09/turn              (no ring)

@: no status effects
A: unfitting armour, cold-blooded, AC +5
a: Renounce Religion, Berserk


You were on level 2 of the Dungeon.
You worshipped Trog.
Trog was aware of your devotion.
You visited 1 branch of the dungeon, and saw 2 of its levels.

You collected 13 gold pieces.

Inventory:

Hand Weapons
 f - a +0 scythe (weapon)
Armour
 b - a +0 leather armour
Jewellery
 c - a ring of protection from fire (left hand)
Scrolls
 d - 2 scrolls of identify
 g - a scroll of remove curse {unknown}
 h - a scroll of fog
Potions
 a - a potion of flight {unknown}
 e - a potion of haste


   Skills:
 * Level 4.7 Fighting
 * Level 4.0 Polearms
 * Level 4.3 Dodging


You had 4 spell levels left.
You didn't know any spells.
Your spell library was empty.

Dungeon Overview and Level Annotations

Branches:
Dungeon (2/15)

Altars:
Yredelemnul


Innate Abilities, Weirdness & Mutations

Your plain brown scales are hard. (AC +5)
You cannot fit into any form of body armour.
You are cold-blooded and may be slowed by cold attacks.


Message History

The gnoll shouts!
A gnoll comes into view. It is wielding a +0 halberd.
The gnoll barely misses you.
You barely miss the gnoll. The gnoll closely misses you. The gnoll hits you.
The gnoll barely misses you.
You closely miss the gnoll. The gnoll closely misses you. The gnoll misses you.
The gnoll hits you with a +0 flail. The gnoll hits you but does no damage.
The gnoll barely misses you.
You barely miss the gnoll. The gnoll hits you but does no damage.
The gnoll misses you. The gnoll closely misses you. x2
The gnoll hits you but does no damage.
You barely miss the gnoll. The gnoll closely misses you.
The gnoll hits you with a +0 flail! The gnoll hits you but does no damage.
The gnoll hits you from afar with a +0 halberd!
* * * LOW HITPOINT WARNING * * *
You are too injured to fight recklessly!
You barely miss the gnoll. The gnoll hits you!
* * * LOW HITPOINT WARNING * * *
The gnoll hits you with a +0 flail.
You die...

#.####.# #.# #.#
######.# #.#
.......####.#######
#................#
+..........#####.#
###..........# #.#
.............#####.#####
.............#gg@g.....#
...#'#..######.###g###.#
##.#.#..# # ..# #.#.#..#
g#.# #.#.#..# g....
##.#<#..# .. .P.
...#.#..# #.. _...
..##.#..# #.)P.P.. ...#
#..######....


You could see 4 gnolls.

Vanquished Creatures
  Sigmund (D:2)
  Jessica (D:2)
  2 adders (D:2)
  A dart slug (D:2)
  2 bats (D:2)
  5 giant cockroaches (D:2)
  4 goblins (D:2)
  A hobgoblin (D:2)
  A kobold (D:2)
18 creatures vanquished.

Notes
Turn   | Place    | Note
-------+----------+-------------------------------------------
     0 | D:1      | RatCamp the Draconian Berserker began the quest for the
                  | Orb.
     0 | D:1      | Reached XP level 1. HP: 19/19 MP: 1/1
    81 | D:1      | You fall into a shaft and drop 1 floor!
   109 | D:2      | Reached XP level 2. HP: 26/26 MP: 2/2
   267 | D:2      | Noticed Jessica
   274 | D:2      | Killed Jessica
   275 | D:2      | Reached XP level 3. HP: 29/33 MP: 3/3
   523 | D:2      | Noticed Sigmund
   536 | D:2      | Killed Sigmund
   537 | D:2      | Reached XP level 4. HP: 41/41 MP: 4/4
   537 | D:2      | Reached XP level 5. HP: 47/47 MP: 5/5
   832 | D:2      | Found a basalt altar of Yredelemnul.
   877 | D:2      | HP: 1/47 [gnoll (7)]
   877 | D:2      | Slain by a gnoll

Illustrated notes

Levels and vault maps discovered:
D:1:      eino_arrival_cavern_b, layout_rooms
D:2:      layout_basic, yredelemnul_altar_generic, uniq_sigmund, uniq_jessica,
          uniq_natasha

Skill      XL: |  1  2  3 |
---------------+----------+-----
Dodging        | 3 4 |  4.3
Fighting       | 4 |  4.7
Polearms       | 4 |  4.0

Action                   |  1- 3 |  4- 6 || total
-------------------------+-------+-------++-------
Melee: Spear             |    61 |     3 ||    64
       Tailslap          |     8 |     1 ||     9
       Scythe            |       |    14 ||    14
Invok: Berserk           |     2 |       ||     2
  Use: Scroll            |     1 |     1 ||     2
Armor: Skin              |    20 |    10 ||    30
Dodge: Dodged            |    68 |    22 ||    90
